 Dungeon Crawl Stone Soup version 0.29.1-13-g9f3cf754e1 (webtiles) character file.

Game seed: 2443602193184435852

117 growler the Trooper (level 4, -8/39 HPs)
             Began as a Demonspawn Wanderer on Feb 12, 2023.
             Mangled by Menkaure (15 damage)
             ... on level 4 of the Dungeon.
             The game lasted 00:05:02 (2676 turns).

growler the Trooper (Demonspawn Wanderer)           Turns: 2676, Time: 00:05:03

Health: -8/39      AC: 13    Str: 16    XL:     4   Next: 71%
Magic:  4/4        EV:  9    Int: 10    God:
Gold:   149        SH:  4    Dex: 14    Spells: 3/3 levels left

rFire   . . .      SeeInvis .   k - +3 dagger (drain)
rCold   . . .      Faith    .   e - +0 buckler {AC+3}
rNeg    . . .      Spirit   .   c - +0 ring mail
rPois   .          Reflect  .   q - +0 helmet
rElec   .          Harm     .   (no cloak)
rCorr   .          Rampage  .   (no gloves)
Will    .....                   (no boots)
Stlth   +.........              (no amulet)
HPRegen 0.13/turn               i - +4 ring of protection
MPRegen 0.09/turn               (no ring)

@: no status effects
A: weakness stinger 1
a: no special abilities


You were on level 4 of the Dungeon.
You visited 1 branch of the dungeon, and saw 4 of its levels.

You collected 149 gold pieces.

Inventory:

Hand Weapons
 a - a +0 dagger
 k - a +3 dagger of draining (weapon)
Armour
 c - a +0 ring mail (worn)
 e - a +0 buckler of protection (worn)
 q - a +0 helmet (worn)
Jewellery
 i - a +4 ring of protection (left hand)
Scrolls
 f - a scroll of vulnerability {unknown}
 g - 3 scrolls of teleportation {unknown}
 j - 3 scrolls of fear {unknown}
 l - 3 scrolls of butterflies {unknown}
 n - a scroll of enchant weapon {unknown}
 p - a scroll of immolation {unknown}
 r - a scroll of enchant armour {unknown}
 s - a scroll of blinking {unknown}
 t - a scroll of acquirement {unknown}
Potions
 b - a potion of lignification
 d - a potion of attraction
 h - a potion of resistance {unknown}
 m - a potion of might {unknown}
 o - a potion of flight {unknown}
 u - a potion of degeneration {unknown}
 v - a potion of haste {unknown}


   Skills:
 + Level 5.5 Fighting
 - Level 3.6 Armour
 - Level 1.7 Shields
 - Level 1.0 Evocations


You had 3 spell levels left.
You didn't know any spells.
Your spell library contained the following spells:

 Spells                   Type           Power      Damage    Failure   Level
 Tukima's Dance           Hex            0%         N/A       95%         3
 Passage of Golubria      Tloc           0%         N/A       100%        4
 Yara's Violent Unravell  Hex/Tmut       0%         3d3       100%        5


Dungeon Overview and Level Annotations

Branches:
Dungeon (4/15)
 Temple: D:4-7

Altars:

Shops:
D:1 (?([?   D:2 [

Annotations:
D:4 Menkaure


Innate Abilities, Weirdness & Mutations

You have a small tail.


Message History

There is a stone staircase leading up here.
There is a stone staircase leading down here.
You see here a +0 falchion.
There is a stone staircase leading up here.
You see here 6 stones.
Done exploring.
Done exploring.
There is an escape hatch in the floor here.
You open the door.
There is an open door here.
There is a stone staircase leading down here.
You climb downwards.
There is a stone staircase leading up here.
Menkaure, Prince of Dust comes into view.
Menkaure shouts!
Menkaure casts a spell at you. Pain shoots through your body!
You hit Menkaure. You tail-slap Menkaure.
Menkaure is moderately damaged.
Menkaure casts a spell.
Menkaure seems to speed up.
You hit Menkaure.
Your tail-slap misses Menkaure.
Menkaure is heavily damaged.
Menkaure hits you!
You hit Menkaure. You tail-slap Menkaure.
Menkaure is heavily damaged.
Menkaure hits you!
* * * LOW HITPOINT WARNING * * *
Menkaure barely misses you.
You are too injured to fight recklessly!
Unknown command.
You barely miss Menkaure.
Menkaure is heavily damaged.
Menkaure calls on the powers of darkness!
Your body is wracked with pain!
* * * LOW HITPOINT WARNING * * *
You hit Menkaure. You tail-slap Menkaure.
Menkaure is severely damaged.
Menkaure hits you!
You die...

##. #.. #.#
#.# # #.# #
#.#.##.#
#####.#.@M.#
........#####
#####.......#
#.#####.# #.
#.# # #.###
#.#.####
#.#....#
..#####.#.#.##


You could see Menkaure (fast).

Vanquished Creatures
  4 gnolls (D:3)
  4 adders
  2 worms (D:2)
  2 dart slugs
  3 ball pythons
  4 endoplasms
  3 goblins
  2 hobgoblins (D:2)
  3 quokkas (D:2)
  5 bats
  2 frilled lizards
  2 kobolds (D:1)
  4 rats (D:1)
40 creatures vanquished.

Notes
Turn   | Place    | Note
-------+----------+-------------------------------------------
     0 | D:1      | growler the Demonspawn Wanderer began the quest for the
                  | Orb.
     0 | D:1      | growler set off with the following items: a +0 dagger, a
                  | potion of lignification, a +0 ring mail, a potion of
                  | attraction, a +0 buckler of protection.
     0 | D:1      | Reached XP level 1. HP: 18/18 MP: 1/1
    67 | D:1      | Found Leucaludye's Antique Armour Emporium.
   100 | D:1      | Found Ruthraz's Magic Scroll Emporium.
   361 | D:1      | Found Jaish's Weapon Shop.
   378 | D:1      | Found Faigalag's Antique Weapon Shop.
   403 | D:1      | Gained mutation: You have a small tail. [demonic ancestry]
   403 | D:1      | Reached XP level 2. HP: 24/24 MP: 2/2
   495 | D:1      | Found a faded altar of an unknown god.
   525 | D:1      | Found Oteaphib's Magic Scroll Emporium.
   956 | D:2      | Found Sadiv's Antique Armour Shoppe.
  1028 | D:2      | Reached skill level 4 in Fighting
  1208 | D:2      | Reached XP level 3. HP: 27/30 MP: 3/3
  2109 | D:3      | Reached skill level 5 in Fighting
  2109 | D:3      | Reached XP level 4. HP: 39/39 MP: 4/4
  2670 | D:4      | Noticed Menkaure
  2676 | D:4      | Mangled by Menkaure

Illustrated notes

Levels and vault maps discovered:
D:1:      kennysheep_arrival_seaside, layout_basic, serial_shops,
          nicolae_shop_behind_doors, shop_statue, shop,
          nicolae_shop_behind_doors, shop, basic_ecumenical_altar,
          dreamdust_wishing_well
D:2:      layout_basic, serial_shops, nicolae_shop_waterfront
D:3:      wad_pebble_path, layout_loops_ring
D:4:      layout_basic, minmay_misc_feat_four_crosses, bh_walls_and_bars,
          uniq_menkaure, uniq_robin

Skill      XL: |  1  2  3 |
---------------+----------+-----
Fighting       | 4 5 |  5.5
Armour         | |  3.6
Shields        | |  1.7
Evocations     | |  1.0

Action                   |  1- 3 |  4- 6 || total
-------------------------+-------+-------++-------
Melee: Dagger            |   135 |    23 ||   158
       Tailslap          |    17 |     7 ||    24
Armor: Ring mail         |    61 |     7 ||    68
Dodge: Dodged            |    48 |    10 ||    58
Block: Buckler           |    24 |     3 ||    27
